[Event "Oregon Open"]
[Site "Chess.com"]
[Date "2020.09.07"]
[Round "5"]
[White "Talukdar, Rohan"]
[Black "Lenderman, Aleksandr"]
[Result "0-1"]
[ECO "B09"]
[WhiteElo "2402"]
[BlackElo "2717"]
[Annotator "Aleksandr Lenderman"]
[PlyCount "134"]
[EventDate "2020.09.05"]
[EventType "swiss"]
[EventRounds "6"]
[TimeControl "5400+30"]

{[%evp 0,134,20,18,86,66,79,72,68,51,44,39,46,36,48,25,0,-11,5,-18,-18,-28,-25,
17,2,-30,-30,-14,-14,-14,-10,-6,-9,9,-3,4,-6,1,-22,-4,-21,-32,-32,-43,-28,-52,
-38,-43,-50,-46,-17,-20,-20,-25,-4,-4,-25,-16,-16,-14,-20,-15,-16,-12,-7,0,33,
13,0,0,-13,-4,-4,0,-14,-80,-80,-91,-93,-72,-70,-83,-79,-80,-85,-79,-76,-83,-72,
-64,-43,-99,-98,-123,-100,-113,-113,-112,-151,-149,-149,-157,-192,-188,-189,
-223,-198,-240,-221,-251,-282,-341,-327,-344,-384,-378,-471,-507,-507,-515,
-517,-527,-527,-567,-527,-567,-567,-567,-567,-577,-577,-577,-577,-577,-547,
-577,-547] In round 5, I am playing against a strong young player from Canada,
FM Rohan Talukdar, who is close to 2400 Fide and against whom I've already
played many times. He has gotten a draw against me at least four times as far
as I could remember and I was only able to win a couple of games, so I knew
this would be very challenging.} 1. e4 g6 {I am trailing so I need to win on
demand, hence the opening choice.} 2. d4 Bg7 3. Nc3 d6 4. f4 Nf6 5. Nf3 O-O 6.
Bd3 Nc6 $5 {A relatively modern line, which might've came as a surprise to my
opponent.} (6... Na6 {This is more common, with the idea of c5, and Rohan
already had a game here.} 7. O-O c5 8. d5 Bg4 {With lots of theory to follow
here.}) 7. e5 (7. O-O e5 {Would be my idea here with sharp play to follow,
exactly what I wanted in a must-win game.}) 7... dxe5 8. dxe5 (8. fxe5 {
This is also an important line, after which black follows with} Nh5 9. O-O Bg4
10. Be3 f6 {With interesting play.}) 8... Nd5 9. Nxd5 Qxd5 10. Qe2 Bg4 11. Be4
Qa5+ 12. Bd2 Qb6 {Up to here it is still my preparation, where we are
following the game, Firouzja-Duda, where black won in a very nice way. However,
here, white improves on this game in a logical way.} 13. O-O-O (13. Bc3 $6 {
Was played by Firouzja in a rapid event, after which his position turned sour.}
Rad8 14. h3 $6 (14. Qf2) 14... Bxf3 15. Qxf3 Nd4 16. Qg3 f6 $17 17. Bd3 fxe5
18. O-O-O exf4 19. Qg4 Qc5 20. Rhe1 Nc6 21. Qe6+ Kh8 22. Bxg7+ Kxg7 23. Kb1 Rf6
24. Qg4 Ne5 25. Qg5 Rd5 26. Be2 Nd3 27. Qxd5 Qxd5 28. Bf3 Qxf3 29. Rxe7+ Kf8
30. gxf3 Kxe7 31. Rxd3 Rd6 {0-1 (31) Firouzja,A (2723)-Duda,J (2758) Moscow
RUS 2019}) 13... Nd4 (13... f6 {I also considered this move but it's not so
great.} 14. exf6 Bxf6 15. c3 $16 {Somehow, I didn't like it, and indeed,
black's pieces are very uncoordinated here.}) 14. Qe3 (14. Qd3 Rfd8 15. Be3 {
Was quite good for white.}) 14... Rfd8 (14... Rad8 {Was also possible. I
couldn't decide which rook to move to d8.}) 15. c3 (15. Rhe1 {I thought it was
better to bring the last piece in the game.}) 15... Nxf3 16. Bxf3 Qxe3 {
I was a bit hesitant in going into this game, since even though I could be
marginally better, I knew it might not be enough. However, ultimately, I
decided that this was still the best objectively.} (16... Bxf3 17. Qxf3 Qa6 {
Is also something I seriously contemplated. However, I did not think I had
more than equality here after} 18. a3 {His king looks a bit weak but he will
play Be3, exchange the rooks, and my bishop on g7 is restricted. I didn't
think I can realistically be better here.}) 17. Bxe3 Bxf3 18. gxf3 f6 {I
thought this would be the most challenging.} 19. exf6 exf6 20. Rxd8+ (20. f5 $5
{Was an interesting pawn sacrifice.} gxf5 21. Bf4 {activates his bishop and
keeps his bishop restricted. However, I can hope to play for a win after c6
here.} c6 $15) 20... Rxd8 21. Rd1 Re8 (21... Rxd1+ {I was calculating this and
trying to see whether I can have real winning chances here but decided that
it's better to keep the rooks on the board.} 22. Kxd1 a6 23. Ke2 Kf7 24. Kd3
Ke6 25. Ke4 {The problem is, his king makes it in time to prevent Kf5, and I
just didn't see how I can create winning chances here.}) 22. Rd3 (22. Bxa7 $2 {
Didn't work because} b6 23. Rd7 (23. Rd4 Ra8 24. Ra4 Kf7 25. Ra6 Bh6) 23... Bh6
$1) 22... Bf8 23. Kd2 Bd6 24. c4 Bb4+ $6 {Strange move, not sure why I played
this.} (24... b6 25. c5 bxc5 26. Ra3 {I was afraid of this I think but here I
can still play for a win with} Ra8 27. Ra5 (27. Ra6 Rd8 28. Kc2 Re8 29. Kd2 c4
30. Ra4 Rb8 31. Kc2 Kf7 32. Rxc4 Rb5 {And white still has to answer some
questions.}) 27... a6) 25. Kc2 b6 26. a3 Bd6 27. b4 Re6 28. c5 bxc5 29. bxc5
Be7 30. Kb3 Kf7 31. Kc4 {Here I wasn't optimistic anymore about my chances of
winning. I tried my last resort.} g5 $5 {Just trying to confuse matters.} 32.
Rb3 a6 33. fxg5 fxg5 34. Kd3 (34. Kd5 {I thought this was better, to induce c6,
and therefore, opening the b6 square for the rook.}) 34... Ke8 35. Rb8+ Kd7 36.
Rh8 (36. Rg8 {This seemed like an easier draw to me.}) 36... Rh6 {Now it
starts getting to the point where white has to be very precise to hold the
balance.} 37. f4 $6 {This is already a serious inaccuracy.} (37. Ra8 $1 {
Was strong, tying me down to the a6 pawn. This keeps the balance.}) 37... Rh3 {
I have a feeling my opponent missed this move. Now I win a pawn.} 38. Ke4 gxf4
39. Bxf4 Bxc5 40. a4 Bd6 41. Bg3 Bxg3 $6 {Definitely this was inaccurate. Why
give white a chance to start pushing his g-pawn and create counterplay, when
white cannot take on d6 anyway.} (41... Kc6 $17) 42. hxg3 Kc6 43. g4 {Now this
is probably closer to a draw than a win. But I was up a lot on time.} Rh1 44.
g5 Kc5 45. Ra8 Kb6 46. Ke5 $6 {Seems logical but the wrong plan.} (46. Kd3 {
Keeping the king around the queenside would yield white very good drawing
chances.} Rh4 (46... Ka5 47. Ra7) 47. Rh8) 46... Rh4 (46... c5 47. Rh8 Rh5 {
Was perhaps a better try in this complicated endgame.}) 47. Rb8+ Ka5 48. Rc8
Kxa4 49. Rxc7 a5 50. Rb7 Ka3 {I thought this is a real winning chance for
black but it turns out it is still a draw.} 51. Kf6 $6 {This is the wrong
direction however.} (51. Kd5 $1 a4 52. Kc5 Ka2 53. Rf7 Rh2 54. Kb4 a3 55. Rf3
Rh4+ 56. Kc3 {And I cannot make progress. The side checks idea saves white.})
51... a4 52. Kg7 Rh5 53. Kf6 Ka2 54. g6 $4 {A very poor move, which came as a
shock to me, since now black can probably win in many different ways since the
white king is very far away.} (54. Rb8 a3 55. Rb7 Rh3 56. Ke5 Ka1 57. Kf6 a2
58. Kf7 Rh2 59. Kf6 {White can wait here. Black cannot make progress since Rb2
is always me with} Rb2 60. Rxh7 Kb1 61. Ra7 {And now the all-important g-pawn
saves the day for white.}) 54... hxg6 55. Kxg6 Re5 56. Kf6 Re2 {The white king
is cut-off on 4 ranks so I knew it is a theoretical win.} 57. Kf5 a3 58. Kf4
Ka1 59. Kf3 Rb2 60. Ra7 a2 61. Re7 Rb3+ 62. Kf2 Kb2 63. Re2+ Ka3 64. Re1 Rb1
65. Re3+ Kb4 66. Re4+ Kc5 67. Re5+ Kd6 {AlexanderL won by resignation. A nice
grind for me where I felt like my patience and perseverence paid off and
eventually my strong opponent cracked. This important win with black put me in
excellent position to win this tournament, which I was able to do after I won
my last round game with white while Rohan was only able to draw his last round
game, and he ended up getting 2nd.} 0-1

[Event "Oregon Open (U2000)"]
[Site "Chess.com"]
[Date "2020.09.06"]
[Round "4"]
[White "Peng, Brandon"]
[Black "Ramkumar, Aditya"]
[Result "1-0"]
[ECO "E13"]
[WhiteElo "1686"]
[BlackElo "1452"]
[Annotator "Brandon Peng"]
[PlyCount "93"]
[EventDate "2020.09.05"]
[EventType "swiss"]
[EventRounds "6"]
[TimeControl "5400+30"]
[WhiteClock "0:54:42"]
[BlackClock "0:38:25"]

1. d4 Nf6 2. c4 e6 3. Nc3 Bb4 4. Nf3 O-O 5. Bg5 d6 6. e3 Nbd7 7. Be2 h6 8. Bh4 Bxc3+ 9. bxc3 b6 10. O-O Bb7 11. Qc2 c5 {[%emt 0:03:14]
Better would have been 11. g5} 12. Rfd1 Qc7 13. Rac1 Rac8 14. Qb2 Rfe8 15. Bg3 (15. Nd2 Ne4 16. Bd3 Nxd2 17. Qxd2 {
This variation leads to an equal position, rather than 15. Bg3 which gives
Black an advantage.}) 15... Nh5 16. Qb3 Nxg3 17. hxg3 Nf6 18. Nd2 d5 19. cxd5 exd5 20. Nf3 cxd4 {[%emt 0:01:52] This move evens up the
position. After 21. Nxd4 both sides don't have much play.} 21. Nxd4 Ne4 22. c4 dxc4 23.
Rxc4 Qe5 24. Rxc8 Rxc8 25. Bc4 {[%emt 0:01:23] This allows black to take the
initiative with 25. Qf6, attacking the f pawn and forcing white into a passive
position.} Qf6 26. Nf3 Nc5 27. Qc2 Bxf3 28. gxf3 Qxf3 {
[%emt 0:00:09] Black now has a slight advantage in this position. White can't
really advance much, but there are possibilities of Rd4 and Rf4 to
double-attack the f7 pawn.} 29. Ba6 Re8 30.
Bb5 Rb8 31. Rd4 g6 $2 {
[%emt 0:02:42] This move gives up black's advantage, as white can now start
his attack with Bc4} 32. Bc4 Qc6 $4 {[%emt 0:03:16] After 33.
Bd5 black is in a losing position. The rook will swing to f4 and the black
kingside is very weak, with a pinned and weak f7 pawn as well as the threat of
Qxg6 if the black Queen leaves that pawn unprotected.} 33. Bd5 Qf6 34. Rf4 Qg5 (34... Qa1+
35. Kh2 Kh8 {Although not great, this line keeps most of black's pieces intact.
Qg5 just loses to Rxf7 and the threats of a mate and discovered attacks.}) 35.
Rxf7 Rd8 36. Bc4 (36. Qc3
Ne6 37. Bxe6 Qe5 38. Qxe5 Rd1+ 39. Kg2 Rg1+ 40. Kxg1 b5 41. Qg7# {Although Bc4
gives white a decisive advantage, there was a forced mate here.}) 36... b5 {
[%emt 0:02:29] Once again, Qb2 or Qc3 lead to a forced mate.} 37. Rf5+ bxc4 38. Rxg5 hxg5 39. Qxc4+ Kh7 40. Qxc5 Rd2 41. Qxa7+ Kh6 42.
Qb8 Kh5 43. Qh8+ (43. f3
Rd1+ 44. Kh2 Rd2+ 45. Kh3 Rh2+ 46. Kxh2 g4 47. fxg4+ Kxg4 48. Qf4+ Kh5 49. Qh4#
{Another forced mate here.}) 43... Kg4 44. Qc8+ Kf3 45. Qc6+ Kg4 46.
Qxg6 Rxa2 {[%emt 0:00:08] After 47. Qe6+, Black loses his
rook to a fork and the game is over.} 47. Qe6+ {[%emt 0:00:05] Black resigned.
Game may have continued...} (47. Qe6+ Kh5 48. Qxa2 Kg6 49. Qg8+ Kf5 50. Qf7+
Ke5 ) 1-0

[Event "Oregon Open (U1600)"]
[Site "Chess.com"]
[Date "2020.09.07"]
[Round "5"]
[White "Adebolu, Ademidun"]
[Black "Wang, Ted"]
[Result "0-1"]
[ECO "B33"]
[WhiteElo "1260"]
[BlackElo "779"]
[Annotator "Ted Wang"]
[PlyCount "48"]
[EventDate "2020.09.05"]
[EventType "swiss"]
[EventRounds "6"]
[TimeControl "5400+30"]

1. e4 c5 2. Nf3 Nc6 3. d4
cxd4 4. Nxd4 Nf6 5. Nc3 e5 6. Ndb5 d6 7. Bg5 a6 {Black saw black pawn would be
doubled if white played Bxf6. However, this gave black an open g file.} 8. Na3
b5 9. Bxf6 gxf6 {The action expected at move 8 happened.} 10. Nd5 Be6 {The
main line was supposed to be f5.} 11. Bd3 f5 12. Qh5 Rg8 13. g3 Rg6 {If queen
captured h7, it would be trapped} 14. exf5 {This was a mistake.} Bxd5 15. fxg6
hxg6 16. Bxg6 Qf6 17. Bxf7+ Qxf7 18. Qxf7+ Kxf7 {At this point, although white
had material advantage, black had much better position.} 19. Rg1 b4 20. Nb1 Nd4
21. Kd1 Bf3+ 22. Kd2 Bh6+ 23. Kd3 Be2+ 24. Ke4 Nxc2 {tedwpnw won by
resignation Black turned the position advantage into material advantage. Given
white king was exposed and material down, white resigned.} 0-1

[Event "Oregon Open"]
[Site "Chess.com"]
[Date "2020.09.07"]
[Round "6"]
[White "Valentin Razmov"]
[Black "Edward Li"]
[Result "1-0"]
[ECO "D36"]
[WhiteElo "1986"]
[BlackElo "1595"]
[Annotator "Valentin Razmov"]
[PlyCount "49"]
[EventDate "2020.09.05"]
[EventType "swiss"]
[EventRounds "6"]
[TimeControl "5400+30"]

1. d4 d5 2. c4 e6 3. Nc3 Nf6 4. cxd5 {The
exchange variation of Queen's Gambit Declined is not without teeth for either
side, as this game illustrates.} exd5 5. Bg5 Be7 6. e3 c6 7. Bd3 O-O 8. Qc2 h6
9. Bh4 Be6 {The more popular plan for black is to put a knight on this square,
via Nb8-Nd7-Nf8-Ne6, combined with ...Re8.} (9... Nbd7 10. Nge2 Re8 11. f3 c5
12. O-O Nf8 13. Rad1 c4 14. Bf5 Bxf5 15. Qxf5) 10. Nge2 {One of two main plans
for white, intended to include f3+e4 for central dominance. Hence the knight
avoids the f3 square, making room for the f-pawn. In turn, black has to decide
when to play the pawn break ...c6-c5.} Nbd7 11. O-O (11. Nf4 $5 {has the idea
of weakening the light squares around the black king, while enjoying the
advantage of a bishop pair. I considered this seriously, but decided to stick
to my original plan, rather than be distracted away by \"side attractions.\"}
Bd6 12. Nxe6 fxe6) 11... Rc8 12. f3 Qc7 13. e4 $2 {Consistent with the overall
idea, but the timing is wrong. White converts one weakness into another - now
the d4-pawn becomes weak. Due to a miscalculation, I hadn't foreseen Black's
strong defense and upcoming counterplay. Suddenly the calm maneuvering game
becomes loaded with tactical opportunities.} (13. Rae1 {would have been a
logical continuation.}) ({Note that} 13. Rac1 $2 {intending to fortify the
queen on c2 in preparation for an upcoming ...c6-c5 would be a subtly hidden
tactical mistake: Black has} Ng4 $1 {, winning a pawn by taking advantage of
several weaknesses at once in white's position: the hanging or ill-defended
pawns on e3 and h2, and the bishop on h4. A knight jump to remember!}) 13...
dxe4 (13... c5 $2 {would lose material to} 14. e5) 14. fxe4 c5 $2 ({Remember
that knight jump idea from two moves ago?} 14... Ng4 {It's easier to spot now 
(at least the knight is not en prise on g4), and while it doesn't win a pawn
on e3 any more, it helps to put pressure against the newly weakened d4-pawn.
Both players apparently missed that detail.} 15. Bg3 Qb6 {Underscoring the
weakness of white's dark squares around the center... Black is threatening the
...Ne3 fork, but also the pawn thrust ...c6-c5-c4, sometimes with a discovered
check.} 16. Qd2 Bg5 17. Bf4 Bxf4 18. Rxf4 (18. Qxf4 $6 c5) 18... Rfd8 {⩱})
15. e5 {Once you've lit the fire, the only way out is through!} cxd4 16. exf6 {
[#Diagram Position after 16.exf6]} Nxf6 $1 {This is the move I had missed from
my calculation vantage point at move 13. The automatic recapture 16...dxc3?
obviously leads to a White win. White is now - unexpectedly - up a piece, but
the knight on c3 is pinned and cannot escape.} (16... Bxf6 $6 17. Bxf6 Nxf6 18.
Nxd4 Ng4 19. Nf3 Ne3 20. Qf2 Nxf1 21. Rxf1 {and White will have successfully
made it through the scary moments, arriving at a pleasant endgame position.})
17. Bxf6 $1 {Realizing that the game can turn on its head if another
miscalculation happens, I spent many minutes evaluating variations here. It
became clear that the position requires to eliminate, once and for all,
Black's attacking possibilities associated with ...Ng4. There was simply no
other safe way forward.} ({In contrast, after my pre-planned move} 17. Nxd4 $6
{, Black has that same knight jump idea:} Ng4 18. Bg3 Qb6 19. Rf4 Bc5 20. Bf2
Nxf2 21. Qxf2 Rcd8 22. Nce2 Qxb2 {and White barely hangs on to the pinned
knight. Who would want to play this position as White, and who could be
confident that Black can't somehow win that knight - and with it the game -
after all! Especially after the earlier miscalculation, I was not willing to
take additional calculation risks.}) 17... gxf6 $2 {A surprise, played
surprisingly quickly... Black voluntarily weakens his king's position, without
forcing White to give up the exchange (on f6) for that. This immediately felt
like a mistake, giving me wings (tactically and psychologically) for the rest
of this game.} (17... Bxf6 {was the main, and sound, alternative.} 18. Rxf6 {
Practically forced and planned upfront.} ({If} 18. Ne4 $2 Qxc2 19. Bxc2 Rxc2
20. Nxf6+ gxf6 21. Nxd4 Rxb2 22. Rxf6 Rxa2 23. Rxa2 Bxa2 24. Rxh6 {, the
resulting position would be a losing endgame for White due to Black's two
connected queen-side passers and the presence of the long-range bishop.}) 18...
gxf6 19. Nxd4 Qb6 20. Qf2 Rfd8 21. Nce2 Bg4 {Here White would have to find} 22.
Bf5 ({or} 22. Nf5)) {with approximate equality.} 18. Qd2 $1 {Getting out of
the pin with tempo and winning a crucial pawn on the next move. I could not
ask for more!} dxc3 19. Qxh6 Qc5+ $4 {Move order often matters a lot. In this
position too! Black has seen the correct defense ...f6-f5, but adding this
queen check spoils it.} (19... f5 {was an only move.} 20. Rf3 ({Neither} 20.
Bxf5 $4 Qb6+ 21. Kh1 Bxf5 22. Qxb6 axb6 23. Nxc3 Be6 {-+}) ({nor} 20. Rxf5 $4
Bxf5 21. Bxf5 Qc5+ 22. Kh1 Qxf5 {-+ would work for White, spectacular as they
may look at first. The black queen's options for double-attack checks on b6 or
c5 prevent these sacrificial White moves.}) 20... cxb2 21. Rd1 {This is a good
moment to pause and look for Black's \"only move\" to stay in the game.} Bc4 $1
{An important in-between move, allowing black to exchange queens and thus
reduce the pressure on their own king.} 22. Bxc4 Qb6+ 23. Qxb6 axb6 24. Bd3 {
± White would still have a long technical endgame ahead, though thankfully
playing for only two results now. Plus, endgames are fun and I would have
enjoyed it.}) 20. Kh1 f5 21. Rf3 {A textbook rook lift and suddenly the game
is over. There are too many mating threats to try to prevent.} ({Interestingly,
} 21. Rf4 {would have worked too, as the threat of Rg4+ and Qh7# cannot be
adequately defended against.}) 21... Qe5 22. Rg3+ Qxg3 23. Nxg3 cxb2 24. Rf1
Rc6 (24... f6 {would not change the end result after} 25. Qg6+ Kh8 26. Nxf5 {+-
}) 25. Nh5 {Valentin Razmov won by resignation} 1-0